 Dungeon Crawl Stone Soup version 0.32-a0-422-g28b100f618 (webtiles) character file.

Game seed: 9323231347383355223

499 ezpacito the Chopper (level 7, -3/54 HPs)
             Began as a Coglin Chaos Knight on Feb 21, 2024.
             Was a Plaything of Xom.
             Slain by a harpy (10 damage)
             ... on level 4 of the Dungeon.
             The game lasted 00:06:26 (2563 turns).

ezpacito the Chopper (Coglin Chaos Knight)          Turns: 2563, Time: 00:06:27

Health: -3/54      AC:  5    Str: 15    XL:     7   Next: 16%
Magic:  9/9        EV: 17    Int: 11    God:    Xom [......]
Gold:   230        SH:  0    Dex: 13    Spells: 1/9 levels left

rFire   . . .        a - +0 hand axe (chaos) {Udjahorresnet}
rCold   . . .        q - staff of air {Epaminondas}
rNeg    . . .        b - +2 leather armour
rPois   .            (no helmet)
rElec   +            i - scarf {shadows}
rCorr   .            (no gloves)
SInv    .            (no boots)
Will    .....        (no amulet)
Stlth   ++           f - +4 ring of slaying
HPRegen 1.09/turn    w - +5 ring of evasion
MPRegen 0.11/turn

%: no passive effects
@: revving
A: off-hand wielding, slow wielding, warmup strikes, legs shutdown, regeneration
1
a: Renounce Religion


You were on level 4 of the Dungeon.
You worshipped Xom.
You were a very special plaything of Xom.
You visited 1 branch of the dungeon, and saw 4 of its levels.

You collected 230 gold pieces.

Inventory:

Hand Weapons
 a - a +0 hand axe of chaos (weapon) {Udjahorresnet}
 d - a +0 trident {Choonhe}
 n - a +0 halberd
 o - a +0 executioner's axe
Missiles
 l - 8 poisoned darts (quivered)
Armour
 b - a +2 leather armour (worn)
 i - a scarf of shadows (worn)
 r - a +0 plate armour
Magical Staves
 q - a staff of air (offhand) {Epaminondas}
Jewellery
 f - a +4 ring of slaying (left grasper)
 w - a +5 ring of evasion (right grasper)
Wands
 u - a wand of flame (16)
Scrolls
 c - 3 scrolls of butterflies
 e - a scroll of silence {unknown}
 h - 3 scrolls of identify {unknown}
 m - a scroll of fog {unknown}
 v - a scroll of enchant weapon {unknown}
 x - a scroll of teleportation {unknown}
Potions
 j - 3 potions of haste {unknown}
 k - a potion of attraction {unknown}
 p - a potion of degeneration {unknown}
 s - a potion of curing {unknown}
 t - a potion of berserk rage {unknown}


   Skills:
 * Level 4.0 Fighting
 * Level 4.1 Axes
 + Level 0.1(2.2) Maces & Flails
 + Level 0.4(2.3) Polearms
 * Level 0.3(0.6) Staves
 - Level 0.8 Throwing
 * Level 2.8 Armour
 * Level 2.5 Dodging
 + Level 1.5 Stealth
 - Level 1.3 Unarmed Combat
 * Level 1.6 Spellcasting
 + Level 0.1 Summonings
 + Level 0.4 Necromancy
 + Level 0.4 Translocations
 * Level 1.2 Alchemy
 * Level 1.3 Evocations


You had one spell level left.
You knew the following spells:

 Your Spells              Type           Power      Damage    Failure   Level
a - Apportation           Tloc           2%         N/A       30%         1
b - Necrotise             Necr           4%         1d4       30%         1
c - Shock                 Conj/Air       4%         1d3       36%         1
d - Mephitic Cloud        Conj/Alch/Air  2%         N/A       67%         3
e - Sting                 Conj/Alch      8%         1d3       28%         1
f - Summon Small Mammal   Summ           4%         N/A       34%         1

Your spell library contained the following spells:

 Spells                   Type           Power      Damage    Failure   Level
 Mercury Vapours          Alch/Air       6%         N/A       41%         2
 Lesser Beckoning         Tloc           2%         N/A       43%         2
 Gell's Gravitas          Tloc           1%         N/A       67%         3
 Teleport Other           Tloc           1%         N/A       67%         3
 Call Canine Familiar     Summ           1%         N/A       71%         3
 Swiftness                Air            1%         N/A       75%         3
 Airstrike                Air            0%         2d(1-17)  98%         4
 Summon Blazeheart Golem  Fire/Summ      1%         N/A       98%         4
 Freezing Cloud           Conj/Ice/Air   0%         6-21      100%        5


Dungeon Overview and Level Annotations

Branches:
Dungeon (4/15)
 Temple: D:4-7

Altars:
Trog
Xom

Shops:
D:2 [


Innate Abilities, Weirdness & Mutations

You can wield a second weapon in your off-hand.
It takes a long time for you to wield or remove held weapons.
Your first few attacks do less damage.
Attacking and casting redirects power from your legs.
Your natural rate of healing is unusually fast.


Message History

l - 8 poisoned darts (gained 3)
Things that are here:
a +0 club; a kobold corpse You now have 230 gold pieces (gained 5).
A scorpion comes into view.
A scorpion is nearby! "This might be better!"
The scorpion evaporates and reforms as a harpy!
The harpy barely misses you. The harpy claws you.
You slash the harpy with your +0 hand axe of chaos!
You freeze the harpy.
The harpy is moderately wounded.
You hit the harpy with your staff of air.
The harpy misses you. The harpy barely misses you.
You hit the harpy with your staff of air.
The harpy is heavily wounded.
You barely miss the harpy with your +0 hand axe of chaos.
The harpy claws you! The harpy claws you but does no damage.
The harpy claws you. The harpy barely misses you. x2
The harpy claws you but does no damage.
You hit the harpy with your +0 hand axe of chaos.
The harpy is heavily wounded.
You hit the harpy with your staff of air.
The harpy claws you! x2
You are too injured to fight recklessly!
You are too injured to fight recklessly!
You are too injured to fight recklessly!
You are too injured to fight recklessly!
You are too injured to fight recklessly!
You are too injured to fight recklessly!
You are too injured to fight recklessly!
A harpy is nearby!
It was a potion of magic.
Magic courses through your body.
Xom thinks this is hilarious!
You are no longer unable to travel.
The harpy claws you!
* * * LOW HITPOINT WARNING * * *
The harpy claws you!
You die...
Xom thinks this is hilarious!

.##..###.[. ###........
.##....##.. ........#
##........ ........#
....#..... ........
....#.....# ........
..<.#......#####.......
##....###...#.##H......
..#.## .......#@## #####
.###.....###
#.##.......#
#.##..#......
##.....##.......
##..###..........
##+#####....##.#.....[..
...............##.......
............#.##........


You could see a harpy.

Vanquished Creatures
  An ogre (D:4)
  A phantom (D:4)
  A scorpion (D:4)
  A hound (D:2)
  Jessica (D:2)
  Ijyb (D:3)
  Natasha (D:1)
  7 adders
  2 ribbon worms
  2 dart slugs
  2 orcs (D:4)
  5 bats
  6 endoplasms
  2 giant cockroaches (D:1)
  12 goblins
  4 hobgoblins
  8 jackals
  4 kobolds
  5 quokkas
  2 ball pythons
  2 frilled lizards
  2 rats (D:1)
72 creatures vanquished.

Notes
Turn   | Place    | Note
-------+----------+-------------------------------------------
     0 | D:1      | ezpacito the Coglin Chaos Knight began the quest for the
                  | Orb.
     0 | D:1      | Reached XP level 1. HP: 18/18 MP: 1/1
    75 | D:1      | Reached skill level 1 in Dodging
   123 | D:1      | XOM: silly message
   138 | D:1      | Reached XP level 2. HP: 24/24 MP: 2/2
   156 | D:1      | Reached XP level 3. HP: 14/29 MP: 3/3
   589 | D:2      | XOM: noise
   594 | D:2      | Reached XP level 4. HP: 35/35 MP: 3/5
   596 | D:2      | Noticed Natasha
   638 | D:1      | Killed Natasha
   639 | D:1      | Reached skill level 1 in Spellcasting
   640 | D:1      | Reached skill level 1 in Unarmed Combat
   688 | D:1      | XOM: cloud trail
   745 | D:1      | XOM: god gift: 36 gold pieces
   886 | D:2      | Noticed Jessica
   890 | D:2      | Killed Jessica
   891 | D:2      | Reached skill level 1 in Stealth
   891 | D:2      | Reached XP level 5. HP: 28/41 MP: 6/6
  1039 | D:2      | Found Vuwaggem's Antique Armour Boutique.
  1084 | D:2      | XOM: 1-stop teleportation journey
  1088 | D:2      | Found a bloodstained altar of Trog.
  1162 | D:2      | XOM: noise
  1178 | D:2      | XOM: summons 2 hostile shadow creatures
  1269 | D:2      | Found a faded altar of an unknown god.
  1548 | D:2      | Learned a level 1 spell: Apportation
  1550 | D:2      | Learned a level 1 spell: Necrotise
  1552 | D:2      | Learned a level 1 spell: Shock
  1556 | D:2      | Learned a level 3 spell: Mephitic Cloud
  1574 | D:2      | XOM: give mutation
  1574 | D:2      | Gained mutation: Your natural rate of healing is unusually
                  | fast. [Xom's mischief]
  1811 | D:3      | XOM: noise
  2004 | D:3      | XOM: smoke on damage
  2060 | D:3      | Noticed Ijyb
  2064 | D:3      | Reached XP level 6. HP: 42/48 MP: 8/8
  2066 | D:3      | XOM: smoke on damage
  2069 | D:3      | Killed Ijyb
  2403 | D:4      | Reached skill level 1 in Evocations
  2405 | D:4      | Learned a level 1 spell: Sting
  2407 | D:4      | Learned a level 1 spell: Summon Small Mammal
  2429 | D:4      | XOM: confuse monster(s)
  2432 | D:4      | Reached skill level 1 in Alchemy
  2472 | D:4      | Found a shimmering altar of Xom.
  2473 | D:4      | Found a shimmering altar of Xom.
  2490 | D:4      | XOM: confusion
  2496 | D:4      | Reached XP level 7. HP: 33/54 MP: 9/9
  2559 | D:4      | a scorpion changed into a harpy
  2559 | D:4      | Noticed a harpy
  2559 | D:4      | XOM: polymorph scorpion -> harpy
  2563 | D:4      | Slain by a harpy

Illustrated notes

Levels and vault maps discovered:
D:1:      psy_arrival_whirlpool, layout_rooms, minivault_14, dk_noncrumbling_2
D:2:      layout_rooms, shapermc_ecumenical_altar_acropolis, serial_shops,
          nicolae_shop_waterfront, basic_altar, uniq_natasha, uniq_jessica
D:3:      kennysheep_goblin_castle, layout_basic, patterned_corridor
D:4:      layout_cave_pools, xom_redecorated, amethyst_overflow_temple_binary,
          minmay_temple_entry_statues_fountains, serial_shops,
          nicolae_shop_trees, nicolae_ea-nasir_strikes_again

Skill      XL: |  1  2  3  4  5  6 |
---------------+-------------------+-----
Dodging        | 1 2 |  2.5
Armour         | 2 |  2.8
Spellcasting   | 1 |  1.6
Unarmed Combat | 1 |  1.3
Stealth        | 1 |  1.5
Evocations     | 1 |  1.3
Alchemy        | 1 |  1.2
Fighting       | 4 |  4.0
Axes           | 4 |  4.1
Maces & Flails | |  0.1
Polearms       | |  0.4
Staves         | |  0.3
Throwing       | |  0.8
Summonings     | |  0.1
Necromancy     | |  0.4
Translocations | |  0.4

Action                     |  1- 3 |  4- 6 |  7- 9 || total
---------------------------+-------+-------+-------++-------
  Melee: Hand axe          |    34 |    80 |     8 ||   122
         Trident           |    30 |    23 |       ||    53
         Staff             |       |    59 |     7 ||    66
    Use: Potion            |     1 |       |     1 ||     2
   Stab: Invisible         |     2 |       |       ||     2
         Distracted        |       |     1 |       ||     1
 Armour: Leather armour    |    22 |    67 |    10 ||    99
  Dodge: Dodged            |    26 |    78 |     8 ||   112

Table legend: (Time is in decaauts)
 A = Elapsed time spent in this place.
 B = Non-inter-level travel time spent in this place.
 C = Inter-level travel time spent in this place.
 D = Time resting spent in this place.
 E = Time spent auto-exploring this place.
 F = Levels seen in this place.
 G = Mean time per level.
                   A        B        C        D        E       F      G
               +--------+--------+--------+--------+--------+-----+--------+
         Total |   2583 |   2325 |    258 |     74 |   1717 |   4 |  645.8 |
       Dungeon |   2583 |   2325 |    258 |     74 |   1717 |   4 |  645.8 |
               +--------+--------+--------+--------+--------+-----+--------+

Top non-repeatable levels by time:
     D:1: 834 daAuts
     D:3: 800 daAuts
     D:2: 755 daAuts
     D:4: 194 daAuts
